 Dungeon Crawl Stone Soup version 0.26.1-11-gd32895ea62 (webtiles) character file.

Game seed: 14784076017982294684

23 Zeld the Skirmisher (level 2, 26/26 HPs)
             Began as a Draconian Abyssal Knight on May 24, 2021.
             Was a Follower of Lugonu.
             Quit the game on level 1 of the Dungeon.
             The game lasted 00:01:01 (989 turns).

Zeld the Skirmisher (Draconian Abyssal Knight)       Turns: 989, Time: 00:01:02

Health: 26/26      AC:  4    Str: 14    XL:     2   Next: 72%
Magic:  4/4        EV: 12    Int: 12    God:    Lugonu [*.....]
Gold:   43         SH:  0    Dex: 10    Spells: 1/1 levels left

rFire    . . .     SeeInvis .   a - +1 falchion
rCold    . . .     Faith    .   (no shield)
rNeg     . . .     Spirit   .   (armour unavailable)
rPois    .         Reflect  .   (helmet restricted)
rElec    .         Harm     .   (no cloak)
rCorr    .         Rampage  .   (no gloves)
Will     .....                  (no boots)
Stlth    +.........             (no amulet)
HPRegen  0.08/turn              (no ring)
MPRegen  0.09/turn              (no ring)

@: no status effects
A: unfitting armour, cold-blooded, AC +4
a: Renounce Religion, Depart the Abyss


You were on level 1 of the Dungeon.
You worshipped Lugonu.
Lugonu was aware of your devotion.
You visited 1 branch of the dungeon, and saw 2 of its levels.
You visited the Abyss 1 time.

You collected 43 gold pieces.

Inventory:

Hand Weapons
 a - a +1 falchion (weapon)
Scrolls
 e - a scroll of enchant weapon {unknown}
 f - a scroll of remove curse {unknown}
 g - a scroll of noise {unknown}
 h - a scroll of fear {unknown}
Potions
 b - a potion of degeneration {unknown}
 c - a potion of attraction {unknown}
 d - 2 potions of mutation {unknown}


   Skills:
 - Level 3.2 Fighting
 * Level 2.7 Long Blades
 - Level 2.1 Dodging
 * Level 2.8 Invocations


You had one spell level left.
You didn't know any spells.
Your spell library was empty.

Dungeon Overview and Level Annotations

Branches:
Dungeon (2/15)

Altars:


Innate Abilities, Weirdness & Mutations

Your plain brown scales are hard. (AC +4)
You cannot fit into any form of body armour.
You are cold-blooded and may be slowed by cold attacks.


Message History

Found a leather armour.
You hit the ball python.
You kill the ball python!
Lugonu accepts your kill.
You see here a ball python corpse.
HP restored.
f - a scroll labelled LECSOBRAUFO You see here a ball python skeleton.
g - a scroll labelled JAXOXOLIMIKK;
h - a scroll labelled VIOTSA EHURA
Found 11 gold pieces.
You see here a leather armour.
i - a leather armour You aren't carrying any wearable armour.
Unknown command.
Drop what? 9/52 slots (_ for help) (? for menu, Esc to quit)
You drop a leather armour.
Non-targeted abil: Depart the Abyss
Press: ? - help, Q - select action Dir - look around, f - activate
Okay, then.
Are you sure you want to abandon this character and quit the game? (Confirm with "yes".)

##### ##...##
#######.....#
...?...>.รท..#
#######.....###########
#.#...#...@.......
..#######.######### #.#
#.## #. #.# # #.# #.#
.... ..) .$. #..# ...
## #.# #.#
#####..##.!.. #.# #.#
#.. .... ....


There were no monsters in sight!

Vanquished Creatures
  A worm (D:2)
  A dart slug (D:1)
  2 ball pythons (D:1)
  3 giant cockroaches (D:1)
  2 goblins (D:1)
  4 kobolds (D:1)
  2 bats (D:1)
  2 rats (D:1)
17 creatures vanquished.

Notes
Turn   | Place    | Note
-------+----------+-------------------------------------------
     0 | Abyss:1  | Zeld the Draconian Abyssal Knight began the quest for the
                  | Orb.
     0 | Abyss:1  | Reached XP level 1. HP: 19/19 MP: 2/2
    10 | Abyss:1  | Found a corrupted altar of Lugonu.
    57 | Abyss:1  | Noticed a ynoxinul
    63 | D:1      | Escaped the Abyss
   430 | D:1      | Reached XP level 2. HP: 26/26 MP: 3/3
   627 | D:1      | Reached * piety under Lugonu
   755 | D:1      | You fall into a shaft and drop 1 floor!
   989 | D:1      | Quit the game

Illustrated notes

Levels and vault maps discovered:
D:1:      minmay_arrival_pointy, layout_loops_ring
D:2:      layout_loops_cross, grunt_temple_overflow_opulence,
          lemuel_crystal_altar, grunt_temple_overflow_diamond, uniq_sigmund,
          uniq_robin, uniq_jessica

Action                   || total
-------------------------++-------
Melee: Falchion          ||    40
       Tailslap          ||     2
Invok: Depart the Abyss  ||     1
 Stab: Sleeping          ||     2
Armor: Skin              ||    14
Dodge: Dodged            ||    37
       Rpst.: Falchion   ||     8
